 Dungeon Crawl Stone Soup version 0.17-a0-2073-gde5cdba (webtiles) character file.

189631 George the Fencer (level 17, -8/158 HPs)
             Began as a Minotaur Fighter on Oct 15, 2015.
             Was the Champion of the Shining One.
             Mangled by a water elemental (9 damage)
             ... summoned by Ilsuiw
             ... on level 4 of the Shoals.
             The game lasted 01:38:01 (32986 turns).

George the Fencer (Minotaur Fighter)               Turns: 32986, Time: 01:38:01

Health: -8/158     AC: 29    Str: 31    XL:     17   Next: 51%
Magic:  26/26      EV:  7    Int:  3    God:    the Shining One [******]
Gold:   3135       SH: 35    Dex: 17    Spells: 0 memorised, 16 levels left

rFire  + + +     SeeInvis .     u - +3 scimitar (elec)
rCold  + + .     Clarity  +     s - +3 plate armour "Moapriedgh" {rElec Regen+ Dex+4 Slay+3}
rNeg   + + +     SustAt   .     V - +0 large shield {rF+}
rPois  +         Gourm    .     (helmet restricted)
rElec  +         Spirit   .     M - +1 cloak {rF+}
rCorr  .         Warding  .     E - +1 pair of gloves {rC+}
rMut   .         Stasis   .     v - +2 pair of boots {Fly}
MR     ++++.                    D - amulet of the Four Winds {Clar rN+ MR+++}
Stlth  ..........               U - ring of Qummedd {rPois rC+ Str+6 Int-2}
                                N - ring of protection from fire

@: divine shield, engulfed (cannot breathe), flying, glowing, incredibly
resistant to hostile enchantments, extremely unstealthy
A: retaliatory headbutt, horns 2
a: Divine Shield, Cleansing Flame, Summon Divine Warrior, Renounce Religion,
Stop Flying
}: 1/15 runes: gossamer


You were on level 4 of the Shoals.
You worshipped the Shining One.
The Shining One was exalted by your worship.
You were hungry.

You visited 6 branches of the dungeon, and saw 33 of its levels.
You visited 1 bazaar.
You also visited: Labyrinth, Ice Cave and Volcano.

You collected 3428 gold pieces.
You spent 293 gold pieces at shops.

Inventory:

Hand Weapons
 q - a +1 scimitar of flaming
 u - a +3 scimitar of electrocution (weapon)
 z - a +6 double sword of holy wrath
Armour
 s - the +3 plate armour "Moapriedgh" (worn) {rElec Regen+ Dex+4 Slay+3}
   (You found it in a labyrinth)

   It affects your dexterity (+4).
   It affects your accuracy and damage with ranged weapons and melee attacks
   (+3).
   It insulates you from electricity.
   It increases your rate of regeneration.
 v - a +2 pair of boots of flying (worn)
 C - the +1 pair of boots of the Storm King {+Inv rElec rC+}
   (You found it on level 5 of the Lair of Beasts)

   It protects you from cold.
   It insulates you from electricity.
   It lets you turn invisible.
 E - a +1 pair of gloves of cold resistance (worn)
 M - a +1 cloak of fire resistance (worn)
 V - a +0 large shield of fire resistance (worn)
Jewellery
 g - an uncursed amulet of resist corrosion
 D - the amulet of the Four Winds (around neck) {Clar rN+ MR+++}
   (You found it on level 2 of the Shoals)

   [amulet of clarity]

   It provides mental clarity.
   It protects you from negative energy.
   It affects your resistance to hostile enchantments.
 N - a ring of protection from fire (left hand)
 U - the ring of Qummedd (right hand) {rPois rC+ Str+6 Int-2}
   (You found it on level 8 of the Dungeon)

   [ring of protection from cold]

   It affects your strength (+6).
   It affects your intelligence (-2).
   It protects you from cold.
   It protects you from poison.
Wands
 f - a wand of disintegration (17)
 k - a wand of digging (11)
 x - a wand of cold (4)
 B - a wand of disintegration (15)
 F - a wand of confusion (13)
 G - a wand of lightning (7)
 H - a wand of disintegration (12)
 J - a wand of fireball (12)
 K - a wand of paralysis (16)
Scrolls
 b - 3 scrolls of holy word
 i - 3 scrolls of fear
 l - 13 scrolls of remove curse
 r - a scroll of identify
 y - 13 scrolls of teleportation
 I - a scroll of magic mapping
 L - 2 scrolls of fog
 O - 4 scrolls of blinking
 Y - 6 scrolls of enchant armour
 Z - 2 scrolls of recharging
Potions
 d - 2 potions of might
 h - 12 potions of curing
 j - 5 potions of heal wounds
 p - 3 potions of haste
 P - 2 potions of cancellation
 W - 4 potions of agility
 X - a potion of resistance
Books
 T - a book of Battle

   Spells                             Type                      Level
   a - Infusion                       Charms                       1
   b - Shroud of Golubria             Charms/Translocation         2
   c - Song of Slaying                Charms                       2
   d - Spectral Weapon                Hexes/Charms                 3
   e - Regeneration                   Charms/Necromancy            3
Miscellaneous
 Q - a disc of storms
 R - a stone of tremors
Comestibles
 e - 18 bread rations
 m - 43 fruits
 o - 14 meat rations
 t - 3 beef jerkies
 w - 5 slices of pizza
 A - 2 royal jellies
 S - 2 chunks of flesh


   Skills:
 + Level 16.2 Fighting
 + Level 19.5 Long Blades
 + Level 16.1 Armour
 + Level 15.9 Shields
 + Level 13.5 Invocations


You had 16 spell levels left.
You didn't know any spells.

Dungeon Overview and Level Annotations

Branches:
Dungeon (12/15)            Temple (1/1) D:7            Lair (8/8) D:10
 Shoals (4/4) Lair:6       Spider (4/4) Lair:3        Slime (0/6) Lair:7
    Orc (4/4) D:12            Elf (0/3) Orc:3

Altars:
Ashenzari
Cheibriados
Dithmenos
Elyvilon
Fedhas
Gozag
Kikubaaqudgha
Makhleb
Nemelex Xobeh
Okawaru
Qazlal
Ru
Sif Muna
Trog
Vehumet
Xom
Yredelemnul
Zin
The Shining One
Beogh

Shops:
D:7 }   D:9 [   Orc:4 :*[(   Shoals:1 (!

Portals:
Hell: Lair:8

Annotations:
D:4 1 runed door
Shoals:4 Ilsuiw


Innate Abilities, Weirdness & Mutations

You reflexively headbutt those who attack you in melee.
You have a pair of horns on your head.


Message History

Ilsuiw is heavily wounded.
You slash Ilsuiw!
There is a sudden explosion of sparks!
Ilsuiw is heavily wounded.
You block the water elemental's attack. Ilsuiw hits you but does no damage.
You slice Ilsuiw!! Your headbutt misses Ilsuiw.
Ilsuiw is severely wounded.
You block the water elemental's attack. x2
Ilsuiw hits you with a trident of freezing.
* * * LOW HITPOINT WARNING * * *
You hit Ilsuiw. You headbutt Ilsuiw!
Ilsuiw is severely wounded.
You block the water elemental's attack. x3
You closely miss Ilsuiw.
Ilsuiw is severely wounded.
You block Ilsuiw's attack. You block the water elemental's attack.
The water elemental hits you!
* * * LOW HITPOINT WARNING * * *
The water elemental engulfs you in water!
The water elemental hits you!
You die...

.....(.........≈≈≈≈≈≈≈
.......%......≈≈..≈≈≈≈≈≈≈
≈......(.....†(≈..≈≈≈≈≈≈≈
≈≈≈...........≈≈.≈≈≈≈≈≈≈≈
≈≈≈≈.........≈≈≈≈≈≈≈≈≈≈≈≈
≈≈≈≈≈.....(..≈(≈≈..≈≈≈≈≈≈
≈≈≈≈≈........≈≈≈.....≈≈≈≈
≈≈≈≈≈≈...E..≈≈≈####≈#....
≈≈≈≈≈≈..@m).≈≈### ##...≈
≈≈≈≈≈≈.EE..(###.###.###≈≈
≈≈≈%≈≈......##...≈...#≈..
............≈##.#.#.# #..
.###........###≈.).≈ ##..
#...(....###.#.#..##..
..........##...≈...##..
.≈≈.......)##).#†#.##..≈
.≈..........†##### #≈≈≈≈


You could see Ilsuiw (invisible) and 3 water elementals.

Vanquished Creatures
  Nikola (Spider:1)
  Arachne (Spider:2)
  Jorgrun (Shoals:4)
  Rupert (Lair:5)
  2 krakens
  Maud (Lair:5)
  Aizul (Spider:3)
  Louise (Spider:2)
  8 emperor scorpions
  4 ghost moths
  Nessos (Lair:5)
  A minotaur (Lab)
  6 merfolk impalers
  2 merfolk javelineers
  2 entropy weavers
  2 blizzard demons (IceCv)
  Harold (D:11)
  5 merfolk avatars
  7 hydras
  3 merfolk aquamancers
  A satyr (Shoals:2)
  An alligator snapping turtle (Shoals:3)
  A centaur warrior (D:10)
  A death yak (Lair:8)
  A fire crab (Lair:8)
  5 ice devils (IceCv)
  A sun demon (Lair:8)
  10 sea snakes
  A wizard (Lair:8)
  2 ice statues (IceCv)
  Pikel (D:8)
  5 orc knights (Orc:4)
  15 orb spiders
  A hill giant (D:11)
  5 griffons
  An ugly thing (D:11)
  7 water nymphs
  24 wolf spiders
  8 fauns (Shoals:2)
  A moth of wrath (Spider:2)
  4 cyclopes
  9 sirens
  9 hornets
  9 manticores
  4 black mambas
  9 elephants
  A sixfirhy (Lair:8)
  A gargoyle (D:11)
  A torpor snail (Spider:3)
  An orange crystal statue (D:11)
  7 spiny frogs
  7 komodo dragons
  7 orange demons (Lair:8)
  7 fire drakes
  10 blue devils
  A hellwing (Lair:8)
  2 red devils (Lair:8)
  16 demonic crawlers
  23 jumping spiders
  16 merfolk
  A polar bear (Lair:2)
  2 wind drakes
  7 snapping turtles
  2 trolls
  5 two-headed ogres
  A boulder beetle (Spider:4)
  6 water elementals
  11 blink frogs
  24 tarantellas
  13 trapdoor spiders
  A deep elf mage (D:11)
  43 redbacks
  17 hippogriffs
  28 yaks
  6 basilisks
  Grum (D:8)
  2 hungry ghosts
  A mottled dragon (D:12)
  4 wyverns
  10 wargs
  8 wolves
  17 water moccasins
  16 porcupines
  A hell hound (Volcano)
  An eye of draining (D:12)
  A sky beast (D:9)
  4 slaves (D:8)
  19 spiders
  2 ice beasts
  41 orc warriors
  A necrophage (D:9)
  A phantom (D:6)
  2 wasps (Spider:4)
  9 centaurs
  7 ogres
  15 crocodiles
  A gnoll sergeant (D:7)
  A brain worm (D:12)
  14 giant frogs
  A water moccasin skeleton (D:5)
  5 scorpions
  6 wights
  A quasit (D:12)
  5 hounds
  5 crimson imps
  2 centaur zombies
  3 centaur skeletons
  28 orc wizards
  18 orc priests
  4 jellies (Lair:7)
  A giant frog skeleton (D:10)
  10 iguanas
  A gnoll shaman (D:7)
  6 worker ants
  49 sheep
  A hound zombie (D:6)
  2 hound skeletons (D:5)
  Robin (D:2)
  11 adders
  13 gnolls
  34 river rats
  A shadow imp (D:11)
  4 white imps (IceCv)
  6 ufetubi (IceCv)
  4 oozes
  2 adder skeletons
  A worm (D:3)
  6 giant geckos
  182 orcs
  2 ball pythons
  5 bats
  14 goblins
  9 hobgoblins
  4 jackals (D:2)
  8 quokkas
  10 giant cockroaches
  5 giant newts
  12 kobolds
  4 rats
  A fungus (Lair:7)
  3 plants
  4 tentacles
1127 creatures vanquished.

Vanquished Creatures (collateral kills)
  A griffon (Shoals:1)
1 creature vanquished.

Vanquished Creatures (others)
  A giant frog (Lair:7)
  2 white imps (IceCv)
  5 ufetubi (IceCv)
  7 fungi
  A plant (Lair:8)
  22 tentacles
  289 tentacle segments
327 creatures vanquished.

Grand Total: 1455 creatures vanquished

Notes
Turn   | Place    | Note
--------------------------------------------------------------
     0 | D:1      | George the Minotaur Fighter began the quest for the Orb.
     0 | D:1      | Reached XP level 1. HP: 19/19 MP: 0/0
   129 | D:1      | Reached XP level 2. HP: 24/26 MP: 1/1
   173 | D:1      | Reached skill level 4 in Long Blades
   343 | D:1      | Reached XP level 3. HP: 23/31 MP: 2/2
   863 | D:2      | Reached skill level 5 in Long Blades
   912 | D:2      | Reached XP level 4. HP: 22/39 MP: 3/3
  1096 | D:2      | Noticed Robin
  1121 | D:2      | Killed Robin
  1299 | D:2      | Reached skill level 6 in Long Blades
  1553 | D:2      | Found an iron altar of Okawaru.
  1676 | D:3      | Reached XP level 5. HP: 30/45 MP: 4/4
  1814 | D:3      | Found a radiant altar of Vehumet.
  1855 | D:3      | Reached skill level 7 in Long Blades
  2698 | D:4      | Found a glowing golden altar of the Shining One.
  2698 | D:4      | Noticed an angel
  2699 | D:4      | Found a runed door.
  3041 | D:4      | Reached XP level 6. HP: 43/51 MP: 5/5
  3089 | D:4      | Reached skill level 8 in Long Blades
  3192 | D:5      | Entered Level 5 of the Dungeon
  3231 | D:5      | Found a shimmering altar of Xom.
  3530 | D:5      | Reached skill level 9 in Long Blades
  3530 | D:5      | Reached XP level 7. HP: 32/57 MP: 6/6
  4325 | D:6      | Noticed a phantom
  4380 | D:6      | Killed a phantom
  4380 | D:6      | Reached skill level 10 in Long Blades
  4819 | D:7      | Found Taegran's Gadget Boutique.
  4867 | D:7      | Reached skill level 11 in Long Blades
  4873 | D:7      | Reached XP level 8. HP: 32/64 MP: 7/7
  5170 | D:7      | Reached skill level 12 in Long Blades
  5607 | D:7      | Found a white marble altar of Elyvilon.
  5623 | D:7      | Noticed a two-headed ogre
  5629 | D:7      | Killed a two-headed ogre
  5629 | D:7      | Reached skill level 13 in Long Blades
  6073 | D:7      | Found a staircase to the Ecumenical Temple.
  6082 | Temple   | Entered the Ecumenical Temple
  6130 | Temple   | Became a worshipper of the Shining One
  6411 | D:8      | Reached XP level 9. HP: 35/71 MP: 8/8
  6727 | D:8      | Noticed Pikel
  6738 | D:8      | Killed Pikel
  6738 | D:8      | Reached skill level 1 in Invocations
  6857 | D:8      | Reached skill level 5 in Fighting
  6857 | D:8      | Reached skill level 5 in Armour
  6857 | D:8      | Reached skill level 5 in Shields
  7064 | D:8      | Noticed Grum
  7331 | D:8      | Killed Grum
  7479 | D:8      | Got a pitted marble ring
  7559 | D:8      | Identified the ring of Qummedd {rPois rC+ Str+6 Int-2} (You found it on level 8 of the Dungeon)
  7757 | D:8      | Reached skill level 14 in Long Blades
  8089 | D:9      | Reached XP level 10. HP: 83/83 MP: 11/11
  8445 | D:9      | Reached * piety under the Shining One
  8539 | D:9      | Found Berchidof's Antique Armour Shoppe.
  8542 | D:9      | Bought a runed cloak for 139 gold pieces
  8573 | D:10     | Entered Level 10 of the Dungeon
  8736 | D:10     | Found a staircase to the Lair.
  9405 | D:10     | Found a blossoming altar of Fedhas.
  9539 | D:10     | Noticed a centaur warrior
  9547 | D:10     | Killed a centaur warrior
  9595 | D:11     | Noticed a cyclops
  9617 | D:11     | Killed a cyclops
  9698 | D:11     | Noticed a manticore
  9701 | D:11     | Killed a manticore
 10036 | D:11     | Reached skill level 5 in Invocations
 10106 | D:11     | Noticed Harold
 10130 | D:11     | Killed Harold
 10393 | D:11     | Reached ** piety under the Shining One
 10423 | D:11     | Reached XP level 11. HP: 72/93 MP: 14/14
 10893 | D:11     | Noticed a green ugly thing
 10904 | D:11     | Killed a green ugly thing
 11037 | D:11     | Noticed a hill giant
 11047 | D:11     | Killed a hill giant
 11668 | D:12     | Reached skill level 15 in Long Blades
 11754 | D:12     | Found a staircase to the Orcish Mines.
 11838 | D:12     | Found a labyrinth entrance.
 11854 | Lab      | Entered a labyrinth
 11966 | Lab      | Noticed a minotaur
 11987 | Lab      | Killed a minotaur
 11998 | Lab      | Got a faintly humming plate armour
 12021 | Lab      | Identified the +3 plate armour "Moapriedgh" {rElec Regen+ Dex+4 Slay+3} (You found it in a labyrinth)
 12023 | Lab      | Identified a +3 rod of the swarm (14/14) (You found it in a labyrinth)
 12024 | Lab      | Identified a +1 rod of destruction (14/14) (You found it in a labyrinth)
 12551 | Lair:1   | Entered Level 1 of the Lair of Beasts
 13527 | Lair:2   | Reached *** piety under the Shining One
 13531 | Lair:2   | Reached XP level 12. HP: 99/104 MP: 16/16
 14534 | Lair:3   | Noticed a five-headed hydra
 14546 | Lair:3   | Killed a five-headed hydra
 14549 | Lair:3   | Reached skill level 10 in Armour
 14689 | Lair:3   | Found a hole to the Spider Nest.
 14822 | Lair:3   | Reached skill level 10 in Shields
 15254 | Lair:4   | Noticed an eight-headed hydra
 15262 | Lair:4   | Killed an eight-headed hydra
 15262 | Lair:4   | Reached skill level 10 in Fighting
 15632 | Lair:4   | Noticed a four-headed hydra
 15641 | Lair:4   | Killed a four-headed hydra
 15641 | Lair:4   | Reached skill level 16 in Long Blades
 16031 | Lair:5   | Noticed Rupert
 16043 | Lair:5   | Noticed Nessos
 16048 | Lair:5   | Paralysed by Rupert for 7 turns
 16065 | Lair:5   | Killed Rupert
 16073 | Lair:5   | Reached XP level 13. HP: 20/114 MP: 18/18
 16086 | Lair:5   | Killed Nessos
 16394 | Lair:5   | Noticed Maud
 16581 | Lair:5   | Killed Maud
 16672 | Lair:5   | Got a pair of polished boots
 16678 | Lair:5   | Identified the +1 pair of boots of the Storm King {+Inv rElec rC+} (You found it on level 5 of the Lair of Beasts)
 17225 | Lair:6   | Found a staircase to the Shoals.
 17262 | Lair:6   | Identified a scroll of acquirement
 18289 | Lair:7   | Found a staircase to the Slime Pits.
 18354 | Lair:7   | Reached **** piety under the Shining One
 18536 | Lair:8   | Entered Level 8 of the Lair of Beasts
 19051 | Lair:8   | Reached skill level 10 in Invocations
 19065 | Lair:8   | Reached XP level 14. HP: 121/126 MP: 20/20
 19627 | Lair:8   | Found a burning altar of Makhleb.
 19632 | Lair:8   | Reached skill level 17 in Long Blades
 19677 | Lair:8   | Reached ***** piety under the Shining One
 19702 | Lair:8   | Found a gateway to Hell.
 20259 | Orc:1    | Entered Level 1 of the Orcish Mines
 20366 | Orc:1    | Found a roughly hewn altar of Beogh.
 21008 | Orc:2    | Found a dark tunnel.
 21013 | Volcano  | Entered a volcano
 21505 | Orc:2    | Found a roughly hewn altar of Beogh.
 21881 | Orc:3    | Found a staircase to the Elven Halls.
 22353 | Orc:4    | Entered Level 4 of the Orcish Mines
 22793 | Orc:4    | Found Seamaris's Armour Shoppe.
 22793 | Orc:4    | Found Bourchor's Weapon Boutique.
 22828 | Orc:4    | Found a roughly hewn altar of Beogh.
 22907 | Orc:4    | Found Fairiber's Book Shoppe.
 22907 | Orc:4    | Found Ytobutapt's General Store.
 23496 | D:11     | Lost intelligence.
 23768 | Spider:1 | Entered Level 1 of the Spider Nest
 23944 | Spider:1 | Noticed Nikola
 23960 | Spider:1 | Killed Nikola
 24060 | Spider:1 | Reached ****** piety under the Shining One
 24148 | Spider:1 | Reached XP level 15. HP: 126/136 MP: 22/22
 25043 | Spider:2 | Noticed Arachne
 25065 | Spider:2 | Killed Arachne
 25218 | Spider:2 | Identified an uncursed double sword of holy wrath (a double sword of venom blessed by the Shining One)
 25218 | Spider:2 | Received a gift from the Shining One
 25379 | Spider:2 | Reached skill level 18 in Long Blades
 25759 | Spider:2 | Noticed Louise
 25775 | Spider:2 | Killed Louise
 26529 | Spider:3 | Noticed Aizul
 26543 | Spider:3 | Killed Aizul
 27587 | Spider:4 | Entered Level 4 of the Spider Nest
 27899 | Spider:4 | Reached XP level 16. HP: 147/147 MP: 24/24
 28586 | Spider:4 | Reached skill level 15 in Fighting
 28600 | Spider:4 | Got a gossamer rune of Zot
 28675 | Spider:4 | Reached skill level 15 in Armour
 29084 | Shoals:1 | Entered Level 1 of the Shoals
 29093 | Shoals:1 | Found Peshril's Distillery.
 29102 | Shoals:1 | Bought a potion of heal wounds for 70 gold pieces
 29102 | Shoals:1 | Bought a potion of curing for 42 gold pieces
 29102 | Shoals:1 | Bought a potion of curing for 42 gold pieces
 29163 | Shoals:1 | Found Jugas's Antique Weapon Shoppe.
 29265 | Shoals:1 | Reached skill level 15 in Shields
 29890 | Shoals:2 | Found a frozen archway.
 29916 | IceCv    | Entered an ice cave
 30024 | IceCv    | Reached skill level 19 in Long Blades
 30284 | Shoals:2 | Found a flickering gateway to a bazaar.
 30300 | Bazaar   | Entered a bazaar
 30307 | Bazaar   | Found Otehoehesch's Jewellery Boutique.
 30325 | Bazaar   | Found Fompekyu's Antique Weapon Emporium.
 30342 | Bazaar   | Found Jolakh's Book Boutique.
 30359 | Bazaar   | Found Tyivvaikk's Gadget Shoppe.
 30926 | Shoals:2 | Reached XP level 17. HP: 122/156 MP: 25/25
 32217 | Shoals:4 | Entered Level 4 of the Shoals
 32244 | Shoals:4 | Identified Yduga's Guide on Frigorific Aid
 32265 | Shoals:4 | Noticed Jorgrun
 32277 | Shoals:4 | Killed Jorgrun
 32434 | Shoals:4 | Identified Pegi's Compendium of Summoning
 32943 | Shoals:4 | Noticed Ilsuiw
 32986 | Shoals:4 | HP: 1/158 [water elemental[Ilsuiw] (12)]
 32986 | Shoals:4 | Mangled by a water elemental

Vault maps used:
D:1:      saegor_arrival_under_anarchy, serial_bayou_lagoon_b
D:2:      okawaru_altar_gauntlet_db, uniq_robin
D:3:      first_bread, vehumet_altar_wand_db
D:4:      lemuel_angel_altar
D:5:      basic_altar
D:7:      minmay_temple_entry_poolview, basic_altar, serial_shops,
          nicolae_shop_window_shopping
D:8:      uniq_grum, uniq_pikel
D:9:      serial_shops, kennysheep_mini
D:10:     erik_lair_orcish_takeover, hangedman_tree_tricks
D:11:     minmay_statue_hallways, uniq_harold
D:12:     david_orc_2, lab_entry_generic, minmay_orc_keep
Temple:   grunt_wide_crystal_templ_18
Lair:2:   lemuel_fruit_tree
Lair:3:   spider_nest_entry_rubble, ldierk_geyser, beast_lair_carwin_3
Lair:5:   st_stairs_5, serial_bayou_pond_c, uniq_nessos, uniq_rupert, uniq_maud
Lair:6:   elwin_shoals_entry_stream, infiniplex_staircase_pool_2,
          serial_bayou_shore_b
Lair:7:   nicolae_slime_entry_slimehenge
Lair:8:   evil_forest
Shoals:1: serial_shops, shop, nicolae_shop_crystal
Shoals:2: serial_shops, bzr_entry_gold, portal_ice_cave_entry_pillars_01,
          nicolae_shoals_dead_sea_scrolls
Shoals:4: serial_shops, nicolae_shop_statue_plus, shoals_end_grunt_ice,
          shoals_ilsuiw_ice, uniq_jorgrun
Spider:1: uniq_nikola
Spider:2: spider_trap, nicolae_spider_webbed_stairs, uniq_louise, uniq_arachne
Spider:3: uniq_aizul
Spider:4: guppyfry_spider_rune
Orc:1:    basic_altar, nicolae_orc_sculptors_studio
Orc:2:    basic_altar, enter_volcano_4
Orc:3:    nicolae_orc_pool_cavern
Orc:4:    st_orc_town
Lab:      labyrinth_spiral, nicolae_lab_plus
Bazaar:   bazaar_jpeg_circle_common
IceCv:    ice_cave_small_demon
Volcano:  volcano_village

Action                   |  1- 3 |  4- 6 |  7- 9 | 10-12 | 13-15 | 16-18 || total
-------------------------+-------+-------+-------+-------+-------+-------++-------
Melee: Long sword        |    83 |   178 |   403 |   326 |    42 |       ||  1032
       Scimitar          |       |       |       |   246 |  1203 |   676 ||  2125
       Short sword       |       |       |       |    16 |    21 |       ||    37
       Double sword      |       |       |       |       |       |    55 ||    55
Invok: Divine Shield     |       |       |       |     2 |     1 |     2 ||     5
       Brand Weapon With |       |       |       |       |     1 |       ||     1
Evoke: Wand              |       |       |     4 |    23 |     9 |       ||    36
  Use: Scroll            |       |       |    14 |    12 |     4 |     8 ||    38
       Potion            |       |       |       |     5 |       |     2 ||     7
  Eat: Chunk             |       |     8 |    10 |    26 |    36 |    17 ||    97
       Meat ration       |       |       |     1 |       |       |       ||     1
       Royal jelly       |       |       |       |       |     1 |       ||     1
